Map: Ulrena

Players

LilDicky - Winner!

  • Race: Terran Terran
  • League: Diamond

Travis

  • Race: Terran Terran
  • League: Diamond

VOD

http://www.twitch.tv/tumescentpie

Description

Time

  • Played on: Jan. 1, 2016, 5:45 p.m.
  • Length: 6:25
Show
View Real Time Build Order
Export as new Build Order

LilDicky Terran - Winner!

Build Orders: Liberator Opening 

Get SALT Encoding   

  12  0:01  SCV  
  13  0:17  Supply Depot  
  13  0:20  SCV  
  14  0:31  Refinery  
  14  0:32  SCV  
  15  0:42  Barracks  
  15  0:46  SCV  
  16  0:58  SCV  
  17  1:10  SCV, Refinery  
  18  1:22  SCV  
  19  1:31  Marine  
  20  1:33  Supply Depot  
  20  1:38  Orbital Command  
  20  1:48  Factory  
  20  1:56  Marine  
  21  2:03  SCV  
  22  2:14  Marine  
  22  2:15  SCV  
  24  2:28  Supply Depot, SCV  
  25  2:31  Factory Tech Lab  
  25  2:34  Starport  
  25  2:36  Marine  
  26  2:40  SCV  
  27  2:52  Siege Tank  
  27  2:54  SCV  
  27  2:57  Marine, Liberator  
  32  3:06  SCV  
  32  3:07  Supply Depot  
  33  3:14  Marine  
  33  3:19  SCV  
  38  3:24  Engineering Bay  
  38  3:31  SCV  
  39  3:34  Marine  
  39  3:39  Liberator  
  40  3:43  SCV  
  40  3:47  Supply Depot  
  41  3:49  Siege Tank  
  47  4:06  Missile Turret  
  47  4:08  Marine  
  48  4:15  Supply Depot  
  48  4:21  Siege Tank  
  51  4:36  Missile Turret  
  51  4:53  Siege Tank  
  54  5:10  SCV, Barracks, Marine  
  53  5:34  Missile Turret  
  46  5:53  Viking  
Show
View Real Time Build Order
Export as new Build Order

Travis Terran 

Build Orders:  

Get SALT Encoding   

  12  0:01  SCV  
  13  0:13  SCV  
  14  0:27  SCV  
  15  0:29  Supply Depot  
  15  0:51  SCV  
  15  0:54  Barracks  
  16  1:02  Refinery  
  16  1:03  SCV  
  17  1:15  SCV  
  18  1:27  SCV  
  18  1:32  Refinery  
  19  1:39  SCV  
  20  1:42  Marine  
  21  1:51  SCV  
  22  1:59  Marine  
  22  2:00  Supply Depot, Factory  
  23  2:08  Orbital Command  
  24  2:23  Supply Depot  
  24  2:33  Barracks Tech Lab  
  24  2:36  SCV  
  24  2:45  Starport  
  24  2:52  SCV  
  25  2:59  Infernal Pre-Igniter  
  25  3:00  Barracks Reactor  
  25  3:04  SCV  
  26  3:09  Supply Depot, Hellion  
  28  3:16  SCV  
  29  3:23  Viking  
  31  3:28  SCV  
  31  3:30  Hellion  
  34  3:40  Command Center  
  34  3:42  SCV  
  35  3:49  Supply Depot  
  35  3:52  Hellion  
  37  4:00  Viking  
  39  4:06  Viking  
  39  4:09  SCV  
  42  4:19  Factory  
  42  4:21  Barracks Reactor, SCV  
  43  4:26  Hellion  
  45  4:35  SCV  
  46  4:39  Supply Depot  
  46  5:05  SCV  
  48  5:07  Siege Tank  
  48  5:10  Orbital Command  
  48  5:14  Viking  
  48  5:15  Viking  
  48  5:17  SCV  
  53  5:23  Supply Depot  
  51  5:39  Siege Tank  
  46  5:58  SCV  
  46  6:02  Hellion x2  
Tags
 
Add a new tag
Caveats
  • Supply blocks, unpowered buildings, or Contaminate may cause inaccurate times.
  • Supply counts are checked every 10 seconds.